Map: Frozen Temple

Players

ChicagoMedic - Winner!

  • Race: Protoss Protoss
  • League: Gold

Protactinium

  • Race: Protoss Protoss
  • League: Silver

VOD

Have the link to the VOD?

Description

Time

  • Played on: Sept. 29, 2016, 2:14 a.m.
  • Length: 8:44
Show
View Real Time Build Order
Export as new Build Order

ChicagoMedic Protoss - Winner!

Build Orders:  

Get SALT Encoding   

  12  0:01  Probe (Chrono Boost)  
  13  0:13  Pylon  
  13  0:17  Probe (Chrono Boost)  
  14  0:28  Probe (Chrono Boost)  
  15  0:37  Gateway  
  15  0:39  Probe (Chrono Boost)  
  16  0:49  Probe (Chrono Boost)  
  17  0:54  Assimilator  
  17  1:13  Probe (Chrono Boost)  
  18  1:23  Probe (Chrono Boost)  
  19  1:25  Pylon  
  19  1:34  Probe (Chrono Boost)  
  20  1:44  Probe (Chrono Boost), Assimilator  
  21  1:56  Gateway  
  21  1:58  Gateway  
  21  2:01  Pylon  
  21  2:09  Probe (Chrono Boost)  
  22  2:17  Cybernetics Core  
  22  2:33  Probe (Chrono Boost)  
  23  2:38  Nexus  
  23  2:57  Stalker x2  
  27  3:03  Adept  
  28  3:14  Mothership Core (Chrono Boost)  
  28  3:17  Warp Gate  
  30  3:37  Robotics Facility  
  30  3:45  Probe (Chrono Boost)  
  30  3:46  Assimilator  
  30  3:48  Assimilator  
  31  3:57  Pylon  
  31  4:01  Stalker  
  33  4:08  Probe (Chrono Boost)  
  33  4:09  Probe (Chrono Boost)  
  35  4:16  Stalker  
  37  4:19  Probe x2 (Chrono Boost)  
  37  4:23  Stalker  
  43  4:31  Probe x2 (Chrono Boost)  
  43  4:44  Observer  
  44  4:49  Probe x2 (Chrono Boost)  
  46  5:05  Probe x2 (Chrono Boost), Stargate  
  48  5:16  Probe x2 (Chrono Boost)  
  50  5:28  Twilight Council  
  50  5:35  Observer  
  51  5:43  Stalker  
  51  5:44  Stalker x2  
  57  5:56  Immortal  
  61  6:08  Pylon  
  61  6:12  Probe (Chrono Boost), Pylon  
  61  6:14  Protoss Air Weapons Level 1  
  62  6:25  Oracle  
  62  6:26  Probe (Chrono Boost)  
  66  6:35  Blink  
  66  6:36  Stargate  
  66  6:38  Stalker x2  
  66  6:39  Stalker  
  72  6:57  Probe (Chrono Boost)  
  72  6:58  Probe (Chrono Boost)  
  72  7:00  Oracle  
  77  7:22  Pylon  
  77  7:25  Pylon  
  77  7:29  Pylon  
  77  7:40  Immortal  
  82  7:44  Probe (Chrono Boost)  
  82  7:46  Probe (Chrono Boost)  
  83  7:55  Probe (Chrono Boost)  
  83  7:58  Probe (Chrono Boost)  
  74  8:08  Stalker x2  
  58  8:32  Gateway  
Show
View Real Time Build Order
Export as new Build Order

Protactinium Protoss 

Build Orders:  

Get SALT Encoding   

  12  0:05  Probe (Chrono Boost)  
  13  0:16  Probe (Chrono Boost)  
  14  0:27  Probe (Chrono Boost), Pylon  
  15  0:42  Pylon  
  15  0:46  Probe (Chrono Boost)  
  15  0:49  Gateway  
  16  1:02  Gateway  
  16  1:16  Gateway  
  16  1:18  Probe (Chrono Boost)  
  17  1:32  Assimilator  
  17  1:37  Zealot, Assimilator  
  19  1:43  Probe (Chrono Boost)  
  20  1:53  Cybernetics Core, Probe (Chrono Boost)  
  21  1:57  Zealot  
  23  2:04  Probe (Chrono Boost)  
  24  2:28  Warp Gate  
  24  2:39  Zealot x3  
  30  2:47  Probe (Chrono Boost)  
  31  3:01  Pylon  
  31  3:07  Pylon  
  31  3:10  Pylon  
  31  3:15  Pylon  
  32  3:20  Probe (Chrono Boost)  
  32  3:26  Nexus  
  32  3:33  Probe (Chrono Boost)  
  33  3:42  Zealot x2  
  33  3:48  Pylon  
  37  4:00  Gateway  
  37  4:07  Gateway  
  37  4:18  Gateway  
  37  4:39  Stalker x2  
  37  4:40  Stalker  
  43  5:04  Forge  
  43  5:11  Twilight Council  
  43  5:13  Stalker  
  43  5:14  Stalker  
  47  5:32  Probe (Chrono Boost)  
  47  5:35  Probe (Chrono Boost)  
  49  5:42  Probe (Chrono Boost)  
  50  5:44  Charge  
  50  5:45  Probe (Chrono Boost)  
  51  5:53  Probe (Chrono Boost)  
  51  5:56  Probe (Chrono Boost)  
  53  6:01  Protoss Shields Level 1  
  54  6:05  Probe (Chrono Boost)  
  54  6:06  Probe (Chrono Boost)  
  55  6:17  Probe x2 (Chrono Boost)  
  57  6:30  Templar Archives  
  57  6:32  Stalker  
  59  6:41  Assimilator  
  59  6:43  Assimilator  
  59  6:46  Probe (Chrono Boost)  
  60  6:49  Probe (Chrono Boost)  
  61  6:58  Probe (Chrono Boost)  
  63  7:01  Probe (Chrono Boost)  
  63  7:06  Stalker  
  63  7:07  Stalker x2  
  69  7:11  Probe (Chrono Boost)  
  69  7:12  Zealot  
  69  7:13  Probe (Chrono Boost)  
  69  7:14  Zealot  
  75  7:17  Zealot  
Tags
 
Add a new tag
Caveats
  • Supply blocks, unpowered buildings, or Contaminate may cause inaccurate times.
  • Supply counts are checked every 10 seconds.